Workbook

Sheet Stock Prices
A1: Date | B1: APPL | C1: TSLA | D1: AMZN | E1: NFLX | F1: FORD | G1: LMT | H1: DIS | I1: KO | J1: VZ | K1: BMW.DE (EUR) | L1: USD/EUR
A2: 44470 | B2: 146.55 | C2: 870.10999 | D2: 3446.74 | E2: 637.96997 | F2: 2.13 | G2: 365 | H2: 171.14 | I2: 53.939999 | J2: 51.300751 | K2: 87.559998 | L2: 0.86229
A3: 44440 | B3: 141.5 | C3: 775.47998 | D3: 3285.04 | E3: 610.34003 | F3: 2.39 | G3: 345.10001 | H3: 169.17 | I3: 52.076969 | J3: 53.376102 | K3: 82.760002 | L3: 0.86195
A4: 44409 | B4: 151.60286 | C4: 735.71997 | D4: 3470.79 | E4: 569.19 | F4: 2.6 | G4: 357.21612 | H4: 181.3 | I4: 55.888203 | J4: 54.354485 | K4: 80.370003 | L4: 0.84768
A5: 44378 | B5: 145.64178 | C5: 687.20001 | D5: 3327.5901 | E5: 517.57001 | F5: 2.62 | G5: 369.00092 | H5: 176.02 | I5: 56.602806 | J5: 54.512932 | K5: 83.879997 | L5: 0.842616
A6: 44348 | B6: 136.75511 | C6: 679.70001 | D6: 3440.1599 | E6: 528.21002 | F6: 2.96 | G6: 375.63293 | H6: 175.77 | I6: 53.303043 | J6: 54.757252 | K6: 89.309998 | L6: 0.8402
A7: 44317 | B7: 124.21259 | C7: 625.21997 | D7: 3223.0701 | E7: 502.81 | F7: 2.85 | G7: 376.90854 | H7: 178.64999 | I7: 54.465446 | J7: 55.20681 | K7: 82.782745 | L7: 0.82034
A8: 44287 | B8: 131.04076 | C8: 709.44 | D8: 3467.4199 | E8: 513.46997 | F8: 2.7 | G8: 375.29123 | H8: 186.02 | I8: 53.174984 | J8: 55.876129 | K8: 79.631851 | L8: 0.8246
A9: 44256 | B9: 121.76045 | C9: 667.92999 | D9: 3094.0801 | E9: 521.65997 | F9: 2.85 | G9: 364.38434 | H9: 184.52 | I9: 51.495304 | J9: 56.224205 | K9: 84.472778 | L9: 0.85298
A10: 44228 | B10: 120.69293 | C10: 675.5 | D10: 3092.9299 | E10: 538.84998 | F10: 3.62 | G10: 323.19961 | H10: 189.03999 | I10: 47.861031 | J10: 53.468586 | K10: 68.269516 | L10: 0.828253
A11: 44197 | B11: 131.34288 | C11: 793.53003 | D11: 3206.2 | E11: 532.39001 | F11: 3.15 | G11: 314.94959 | H11: 168.17 | I11: 47.04039 | J11: 52.376099 | K11: 66.846832 | L11: 0.823791
A12: 44166 | B12: 132.06947 | C12: 705.66998 | D12: 3256.9299 | E12: 540.72998 | F12: 1.82 | G12: 347.40167 | H12: 181.17999 | I12: 53.576218 | J12: 56.20266 | K12: 68.966537 | L12: 0.813015
A13: 44136 | B13: 118.28919 | C13: 567.59998 | D13: 3168.04 | E13: 490.70001 | F13: 1.83 | G13: 354.72672 | H13: 148.01 | I13: 50.018696 | J13: 57.790691 | K13: 69.739929 | L13: 0.83532
... A61: 42675 | B61: 25.912531 | C61: 37.880001 | D61: 750.57001 | E61: 117 | F61: 1.42 | G61: 232.88065 | H61: 94.193398 | I61: 34.258663 | J61: 39.948959 | K61: 63.527714 | L61: 0.9391
A64: * Source: Yahoo Finance
A65: ** The adjusted close prices were used. Adjusted close price adjusted for splits and dividend and/or capital gain distributions.

Sheet Returns
A1: Date | B1: APPL | C1: TSLA | D1: AMZN | E1: NFLX | F1: FORD | G1: LMT | H1: DIS | I1: KO | J1: VZ | K1: BMW USD Return | L1: BMW.DE (EUR) | M1: USDEUR Return
A2: 44470 | B2: =Table1[[#This Row],[APPL]]/'Stock Prices'!B3-1 -> 0.035689067 | C2: =Table1[[#This Row],[TSLA]]/'Stock Prices'!C3-1 -> 0.12202766 | D2: =Table1[[#This Row],[AMZN]]/'Stock Prices'!D3-1 -> 0.049223129 | E2: =Table1[[#This Row],[NFLX]]/'Stock Prices'!E3-1 -> 0.045269756 | F2: =Table1[[#This Row],[FORD]]/'Stock Prices'!F3-1 -> -0.10878661 | G2: =Table1[[#This Row],[LMT]]/'Stock Prices'!G3-1 -> 0.057664427 | H2: =Table1[[#This Row],[DIS]]/'Stock Prices'!H3-1 -> 0.011645097 | I2: =Table1[[#This Row],[KO]]/'Stock Prices'!I3-1 -> 0.035774547 | J2: =Table1[[#This Row],[VZ]]/'Stock Prices'!J3-1 -> -0.038881652 | K2: =(1+L2)/(1+M2)-1 -> 0.057581816 | L2: =Table1[[#This Row],[BMW.DE (EUR)]]/'Stock Prices'!K3-1 -> 0.057998984 | M2: =Table1[[#This Row],[USD/EUR]]/'Stock Prices'!L3-1 -> 0.00039445443
A3: 44440 | B3: =Table1[[#This Row],[APPL]]/'Stock Prices'!B4-1 -> -0.066640293 | C3: =Table1[[#This Row],[TSLA]]/'Stock Prices'!C4-1 -> 0.054042313 | D3: =Table1[[#This Row],[AMZN]]/'Stock Prices'!D4-1 -> -0.053518075 | E3: =Table1[[#This Row],[NFLX]]/'Stock Prices'!E4-1 -> 0.072295762 | F3: =Table1[[#This Row],[FORD]]/'Stock Prices'!F4-1 -> -0.080769231 | G3: =Table1[[#This Row],[LMT]]/'Stock Prices'!G4-1 -> -0.033918175 | H3: =Table1[[#This Row],[DIS]]/'Stock Prices'!H4-1 -> -0.066905708 | I3: =Table1[[#This Row],[KO]]/'Stock Prices'!I4-1 -> -0.068193891 | J3: =Table1[[#This Row],[VZ]]/'Stock Prices'!J4-1 -> -0.018000042 | K3: =(1+L3)/(1+M3)-1 -> 0.012689648 | L3: =Table1[[#This Row],[BMW.DE (EUR)]]/'Stock Prices'!K4-1 -> 0.029737451 | M3: =Table1[[#This Row],[USD/EUR]]/'Stock Prices'!L4-1 -> 0.016834183
A4: 44409 | B4: =Table1[[#This Row],[APPL]]/'Stock Prices'!B5-1 -> 0.040929696 | C4: =Table1[[#This Row],[TSLA]]/'Stock Prices'!C5-1 -> 0.070605294 | D4: =Table1[[#This Row],[AMZN]]/'Stock Prices'!D5-1 -> 0.043034132 | E4: =Table1[[#This Row],[NFLX]]/'Stock Prices'!E5-1 -> 0.09973529 | F4: =Table1[[#This Row],[FORD]]/'Stock Prices'!F5-1 -> -0.0076335878 | G4: =Table1[[#This Row],[LMT]]/'Stock Prices'!G5-1 -> -0.031937024 | H4: =Table1[[#This Row],[DIS]]/'Stock Prices'!H5-1 -> 0.029996585 | I4: =Table1[[#This Row],[KO]]/'Stock Prices'!I5-1 -> -0.012624869 | J4: =Table1[[#This Row],[VZ]]/'Stock Prices'!J5-1 -> -0.0029065947 | K4: =(1+L4)/(1+M4)-1 -> -0.047569393 | L4: =Table1[[#This Row],[BMW.DE (EUR)]]/'Stock Prices'!K5-1 -> -0.041845424 | M4: =Table1[[#This Row],[USD/EUR]]/'Stock Prices'!L5-1 -> 0.006009855
A5: 44378 | B5: =Table1[[#This Row],[APPL]]/'Stock Prices'!B6-1 -> 0.064982383 | C5: =Table1[[#This Row],[TSLA]]/'Stock Prices'!C6-1 -> 0.01103428 | D5: =Table1[[#This Row],[AMZN]]/'Stock Prices'!D6-1 -> -0.032722265 | E5: =Table1[[#This Row],[NFLX]]/'Stock Prices'!E6-1 -> -0.020143531 | F5: =Table1[[#This Row],[FORD]]/'Stock Prices'!F6-1 -> -0.11486486 | G5: =Table1[[#This Row],[LMT]]/'Stock Prices'!G6-1 -> -0.017655584 | H5: =Table1[[#This Row],[DIS]]/'Stock Prices'!H6-1 -> 0.0014223132 | I5: =Table1[[#This Row],[KO]]/'Stock Prices'!I6-1 -> 0.061905715 | J5: =Table1[[#This Row],[VZ]]/'Stock Prices'!J6-1 -> -0.0044618747 | K5: =(1+L5)/(1+M5)-1 -> -0.063492408 | L5: =Table1[[#This Row],[BMW.DE (EUR)]]/'Stock Prices'!K6-1 -> -0.060799475 | M5: =Table1[[#This Row],[USD/EUR]]/'Stock Prices'!L6-1 -> 0.0028755058
A6: 44348 | B6: =Table1[[#This Row],[APPL]]/'Stock Prices'!B7-1 -> 0.10097623 | C6: =Table1[[#This Row],[TSLA]]/'Stock Prices'!C7-1 -> 0.087137397 | D6: =Table1[[#This Row],[AMZN]]/'Stock Prices'!D7-1 -> 0.067354987 | E6: =Table1[[#This Row],[NFLX]]/'Stock Prices'!E7-1 -> 0.050516147 | F6: =Table1[[#This Row],[FORD]]/'Stock Prices'!F7-1 -> 0.038596491 | G6: =Table1[[#This Row],[LMT]]/'Stock Prices'!G7-1 -> -0.003384386 | H6: =Table1[[#This Row],[DIS]]/'Stock Prices'!H7-1 -> -0.016120851 | I6: =Table1[[#This Row],[KO]]/'Stock Prices'!I7-1 -> -0.021342027 | J6: =Table1[[#This Row],[VZ]]/'Stock Prices'!J7-1 -> -0.008143162 | K6: =(1+L6)/(1+M6)-1 -> 0.053347012 | L6: =Table1[[#This Row],[BMW.DE (EUR)]]/'Stock Prices'!K7-1 -> 0.078847989 | M6: =Table1[[#This Row],[USD/EUR]]/'Stock Prices'!L7-1 -> 0.024209474
A7: 44317 | B7: =Table1[[#This Row],[APPL]]/'Stock Prices'!B8-1 -> -0.05210717 | C7: =Table1[[#This Row],[TSLA]]/'Stock Prices'!C8-1 -> -0.11871339 | D7: =Table1[[#This Row],[AMZN]]/'Stock Prices'!D8-1 -> -0.070470223 | E7: =Table1[[#This Row],[NFLX]]/'Stock Prices'!E8-1 -> -0.020760655 | F7: =Table1[[#This Row],[FORD]]/'Stock Prices'!F8-1 -> 0.055555556 | G7: =Table1[[#This Row],[LMT]]/'Stock Prices'!G8-1 -> 0.0043094799 | H7: =Table1[[#This Row],[DIS]]/'Stock Prices'!H8-1 -> -0.039619449 | I7: =Table1[[#This Row],[KO]]/'Stock Prices'!I8-1 -> 0.024268216 | J7: =Table1[[#This Row],[VZ]]/'Stock Prices'!J8-1 -> -0.011978621 | K7: =(1+L7)/(1+M7)-1 -> 0.044966708 | L7: =Table1[[#This Row],[BMW.DE (EUR)]]/'Stock Prices'!K8-1 -> 0.039568263 | M7: =Table1[[#This Row],[USD/EUR]]/'Stock Prices'!L8-1 -> -0.0051661412
A8: 44287 | B8: =Table1[[#This Row],[APPL]]/'Stock Prices'!B9-1 -> 0.076217782 | C8: =Table1[[#This Row],[TSLA]]/'Stock Prices'!C9-1 -> 0.062147245 | D8: =Table1[[#This Row],[AMZN]]/'Stock Prices'!D9-1 -> 0.12066263 | E8: =Table1[[#This Row],[NFLX]]/'Stock Prices'!E9-1 -> -0.015699886 | F8: =Table1[[#This Row],[FORD]]/'Stock Prices'!F9-1 -> -0.052631579 | G8: =Table1[[#This Row],[LMT]]/'Stock Prices'!G9-1 -> 0.029932381 | H8: =Table1[[#This Row],[DIS]]/'Stock Prices'!H9-1 -> 0.0081291999 | I8: =Table1[[#This Row],[KO]]/'Stock Prices'!I9-1 -> 0.03261812 | J8: =Table1[[#This Row],[VZ]]/'Stock Prices'!J9-1 -> -0.0061908568 | K8: =(1+L8)/(1+M8)-1 -> -0.024863188 | L8: =Table1[[#This Row],[BMW.DE (EUR)]]/'Stock Prices'!K9-1 -> -0.057307539 | M8: =Table1[[#This Row],[USD/EUR]]/'Stock Prices'!L9-1 -> -0.033271589
A9: 44256 | B9: =Table1[[#This Row],[APPL]]/'Stock Prices'!B10-1 -> 0.0088448676 | C9: =Table1[[#This Row],[TSLA]]/'Stock Prices'!C10-1 -> -0.011206524 | D9: =Table1[[#This Row],[AMZN]]/'Stock Prices'!D10-1 -> 0.00037186293 | E9: =Table1[[#This Row],[NFLX]]/'Stock Prices'!E10-1 -> -0.031901278 | F9: =Table1[[#This Row],[FORD]]/'Stock Prices'!F10-1 -> -0.21270718 | G9: =Table1[[#This Row],[LMT]]/'Stock Prices'!G10-1 -> 0.12742813 | H9: =Table1[[#This Row],[DIS]]/'Stock Prices'!H10-1 -> -0.023910226 | I9: =Table1[[#This Row],[KO]]/'Stock Prices'!I10-1 -> 0.075933864 | J9: =Table1[[#This Row],[VZ]]/'Stock Prices'!J10-1 -> 0.051537159 | K9: =(1+L9)/(1+M9)-1 -> 0.20147329 | L9: =Table1[[#This Row],[BMW.DE (EUR)]]/'Stock Prices'!K10-1 -> 0.23734256 | M9: =Table1[[#This Row],[USD/EUR]]/'Stock Prices'!L10-1 -> 0.029854404
A10: 44228 | B10: =Table1[[#This Row],[APPL]]/'Stock Prices'!B11-1 -> -0.081085081 | C10: =Table1[[#This Row],[TSLA]]/'Stock Prices'!C11-1 -> -0.14874047 | D10: =Table1[[#This Row],[AMZN]]/'Stock Prices'!D11-1 -> -0.035328433 | E10: =Table1[[#This Row],[NFLX]]/'Stock Prices'!E11-1 -> 0.012133888 | F10: =Table1[[#This Row],[FORD]]/'Stock Prices'!F11-1 -> 0.14920635 | G10: =Table1[[#This Row],[LMT]]/'Stock Prices'!G11-1 -> 0.026194764 | H10: =Table1[[#This Row],[DIS]]/'Stock Prices'!H11-1 -> 0.12410058 | I10: =Table1[[#This Row],[KO]]/'Stock Prices'!I11-1 -> 0.017445455 | J10: =Table1[[#This Row],[VZ]]/'Stock Prices'!J11-1 -> 0.020858503 | K10: =(1+L10)/(1+M10)-1 -> 0.015780846 | L10: =Table1[[#This Row],[BMW.DE (EUR)]]/'Stock Prices'!K11-1 -> 0.021282744 | M10: =Table1[[#This Row],[USD/EUR]]/'Stock Prices'!L11-1 -> 0.0054164224
A11: 44197 | B11: =Table1[[#This Row],[APPL]]/'Stock Prices'!B12-1 -> -0.0055015969 | C11: =Table1[[#This Row],[TSLA]]/'Stock Prices'!C12-1 -> 0.12450586 | D11: =Table1[[#This Row],[AMZN]]/'Stock Prices'!D12-1 -> -0.015576012 | E11: =Table1[[#This Row],[NFLX]]/'Stock Prices'!E12-1 -> -0.01542353 | F11: =Table1[[#This Row],[FORD]]/'Stock Prices'!F12-1 -> 0.73076923 | G11: =Table1[[#This Row],[LMT]]/'Stock Prices'!G12-1 -> -0.093413733 | H11: =Table1[[#This Row],[DIS]]/'Stock Prices'!H12-1 -> -0.071807018 | I11: =Table1[[#This Row],[KO]]/'Stock Prices'!I12-1 -> -0.12199122 | J11: =Table1[[#This Row],[VZ]]/'Stock Prices'!J12-1 -> -0.068085051 | K11: =(1+L11)/(1+M11)-1 -> -0.043414208 | L11: =Table1[[#This Row],[BMW.DE (EUR)]]/'Stock Prices'!K12-1 -> -0.030735268 | M11: =Table1[[#This Row],[USD/EUR]]/'Stock Prices'!L12-1 -> 0.013254368
A12: 44166 | B12: =Table1[[#This Row],[APPL]]/'Stock Prices'!B13-1 -> 0.11649654 | C12: =Table1[[#This Row],[TSLA]]/'Stock Prices'!C13-1 -> 0.24325231 | D12: =Table1[[#This Row],[AMZN]]/'Stock Prices'!D13-1 -> 0.028058324 | E12: =Table1[[#This Row],[NFLX]]/'Stock Prices'!E13-1 -> 0.10195632 | F12: =Table1[[#This Row],[FORD]]/'Stock Prices'!F13-1 -> -0.0054644809 | G12: =Table1[[#This Row],[LMT]]/'Stock Prices'!G13-1 -> -0.020649821 | H12: =Table1[[#This Row],[DIS]]/'Stock Prices'!H13-1 -> 0.22410647 | I12: =Table1[[#This Row],[KO]]/'Stock Prices'!I13-1 -> 0.071123845 | J12: =Table1[[#This Row],[VZ]]/'Stock Prices'!J13-1 -> -0.02747901 | K12: =(1+L12)/(1+M12)-1 -> 0.016041016 | L12: =Table1[[#This Row],[BMW.DE (EUR)]]/'Stock Prices'!K13-1 -> -0.011089659 | M12: =Table1[[#This Row],[USD/EUR]]/'Stock Prices'!L13-1 -> -0.026702342
A13: 44136 | B13: =Table1[[#This Row],[APPL]]/'Stock Prices'!B14-1 -> 0.093606526 | C13: =Table1[[#This Row],[TSLA]]/'Stock Prices'!C14-1 -> 0.4627357 | D13: =Table1[[#This Row],[AMZN]]/'Stock Prices'!D14-1 -> 0.043439929 | E13: =Table1[[#This Row],[NFLX]]/'Stock Prices'!E14-1 -> 0.031445795 | F13: =Table1[[#This Row],[FORD]]/'Stock Prices'!F14-1 -> 0.20394737 | G13: =Table1[[#This Row],[LMT]]/'Stock Prices'!G14-1 -> 0.042469869 | H13: =Table1[[#This Row],[DIS]]/'Stock Prices'!H14-1 -> 0.22070099 | I13: =Table1[[#This Row],[KO]]/'Stock Prices'!I14-1 -> 0.073658015 | J13: =Table1[[#This Row],[VZ]]/'Stock Prices'!J14-1 -> 0.071296834 | K13: =(1+L13)/(1+M13)-1 -> 0.27612855 | L13: =Table1[[#This Row],[BMW.DE (EUR)]]/'Stock Prices'!K14-1 -> 0.24471707 | M13: =Table1[[#This Row],[USD/EUR]]/'Stock Prices'!L14-1 -> -0.024614666
... A60: 42705 | B60: =Table1[[#This Row],[APPL]]/'Stock Prices'!B61-1 -> 0.053335624 | C60: =Table1[[#This Row],[TSLA]]/'Stock Prices'!C61-1 -> 0.12824704 | D60: =Table1[[#This Row],[AMZN]]/'Stock Prices'!D61-1 -> -0.00093264052 | E60: =Table1[[#This Row],[NFLX]]/'Stock Prices'!E61-1 -> 0.058119684 | F60: =Table1[[#This Row],[FORD]]/'Stock Prices'!F61-1 -> -0.11971831 | G60: =Table1[[#This Row],[LMT]]/'Stock Prices'!G61-1 -> -0.051225764 | H60: =Table1[[#This Row],[DIS]]/'Stock Prices'!H61-1 -> 0.051452767 | I60: =Table1[[#This Row],[KO]]/'Stock Prices'!I61-1 -> 0.036196159 | J60: =Table1[[#This Row],[VZ]]/'Stock Prices'!J61-1 -> 0.069739264 | K60: =(1+L60)/(1+M60)-1 -> 0.090400446 | L60: =Table1[[#This Row],[BMW.DE (EUR)]]/'Stock Prices'!K61-1 -> 0.1037184 | M60: =Table1[[#This Row],[USD/EUR]]/'Stock Prices'!L61-1 -> 0.012213822

Sheet Returns+1
A1: Date | B1: APPL | C1: TSLA | D1: AMZN | E1: NFLX | F1: FORD | G1: LMT | H1: DIS | I1: KO | J1: VZ | K1: BMW USD Return
A2: 44470 | B2: =Table28[[#This Row],[APPL]]+1 -> 1.0356891 | C2: =Table28[[#This Row],[TSLA]]+1 -> 1.1220277 | D2: =Table28[[#This Row],[AMZN]]+1 -> 1.0492231 | E2: =Table28[[#This Row],[NFLX]]+1 -> 1.0452698 | F2: =Table28[[#This Row],[FORD]]+1 -> 0.89121339 | G2: =Table28[[#This Row],[LMT]]+1 -> 1.0576644 | H2: =Table28[[#This Row],[DIS]]+1 -> 1.0116451 | I2: =Table28[[#This Row],[KO]]+1 -> 1.0357745 | J2: =Table28[[#This Row],[VZ]]+1 -> 0.96111835 | K2: =Table28[[#This Row],[BMW USD Return]]+1 -> 1.0575818
A3: 44440 | B3: =Table28[[#This Row],[APPL]]+1 -> 0.93335971 | C3: =Table28[[#This Row],[TSLA]]+1 -> 1.0540423 | D3: =Table28[[#This Row],[AMZN]]+1 -> 0.94648193 | E3: =Table28[[#This Row],[NFLX]]+1 -> 1.0722958 | F3: =Table28[[#This Row],[FORD]]+1 -> 0.91923077 | G3: =Table28[[#This Row],[LMT]]+1 -> 0.96608183 | H3: =Table28[[#This Row],[DIS]]+1 -> 0.93309429 | I3: =Table28[[#This Row],[KO]]+1 -> 0.93180611 | J3: =Table28[[#This Row],[VZ]]+1 -> 0.98199996 | K3: =Table28[[#This Row],[BMW USD Return]]+1 -> 1.0126896
A4: 44409 | B4: =Table28[[#This Row],[APPL]]+1 -> 1.0409297 | C4: =Table28[[#This Row],[TSLA]]+1 -> 1.0706053 | D4: =Table28[[#This Row],[AMZN]]+1 -> 1.0430341 | E4: =Table28[[#This Row],[NFLX]]+1 -> 1.0997353 | F4: =Table28[[#This Row],[FORD]]+1 -> 0.99236641 | G4: =Table28[[#This Row],[LMT]]+1 -> 0.96806298 | H4: =Table28[[#This Row],[DIS]]+1 -> 1.0299966 | I4: =Table28[[#This Row],[KO]]+1 -> 0.98737513 | J4: =Table28[[#This Row],[VZ]]+1 -> 0.99709341 | K4: =Table28[[#This Row],[BMW USD Return]]+1 -> 0.95243061
A5: 44378 | B5: =Table28[[#This Row],[APPL]]+1 -> 1.0649824 | C5: =Table28[[#This Row],[TSLA]]+1 -> 1.0110343 | D5: =Table28[[#This Row],[AMZN]]+1 -> 0.96727774 | E5: =Table28[[#This Row],[NFLX]]+1 -> 0.97985647 | F5: =Table28[[#This Row],[FORD]]+1 -> 0.88513514 | G5: =Table28[[#This Row],[LMT]]+1 -> 0.98234442 | H5: =Table28[[#This Row],[DIS]]+1 -> 1.0014223 | I5: =Table28[[#This Row],[KO]]+1 -> 1.0619057 | J5: =Table28[[#This Row],[VZ]]+1 -> 0.99553813 | K5: =Table28[[#This Row],[BMW USD Return]]+1 -> 0.93650759
A6: 44348 | B6: =Table28[[#This Row],[APPL]]+1 -> 1.1009762 | C6: =Table28[[#This Row],[TSLA]]+1 -> 1.0871374 | D6: =Table28[[#This Row],[AMZN]]+1 -> 1.067355 | E6: =Table28[[#This Row],[NFLX]]+1 -> 1.0505161 | F6: =Table28[[#This Row],[FORD]]+1 -> 1.0385965 | G6: =Table28[[#This Row],[LMT]]+1 -> 0.99661561 | H6: =Table28[[#This Row],[DIS]]+1 -> 0.98387915 | I6: =Table28[[#This Row],[KO]]+1 -> 0.97865797 | J6: =Table28[[#This Row],[VZ]]+1 -> 0.99185684 | K6: =Table28[[#This Row],[BMW USD Return]]+1 -> 1.053347
A7: 44317 | B7: =Table28[[#This Row],[APPL]]+1 -> 0.94789283 | C7: =Table28[[#This Row],[TSLA]]+1 -> 0.88128661 | D7: =Table28[[#This Row],[AMZN]]+1 -> 0.92952978 | E7: =Table28[[#This Row],[NFLX]]+1 -> 0.97923934 | F7: =Table28[[#This Row],[FORD]]+1 -> 1.0555556 | G7: =Table28[[#This Row],[LMT]]+1 -> 1.0043095 | H7: =Table28[[#This Row],[DIS]]+1 -> 0.96038055 | I7: =Table28[[#This Row],[KO]]+1 -> 1.0242682 | J7: =Table28[[#This Row],[VZ]]+1 -> 0.98802138 | K7: =Table28[[#This Row],[BMW USD Return]]+1 -> 1.0449667
A8: 44287 | B8: =Table28[[#This Row],[APPL]]+1 -> 1.0762178 | C8: =Table28[[#This Row],[TSLA]]+1 -> 1.0621472 | D8: =Table28[[#This Row],[AMZN]]+1 -> 1.1206626 | E8: =Table28[[#This Row],[NFLX]]+1 -> 0.98430011 | F8: =Table28[[#This Row],[FORD]]+1 -> 0.94736842 | G8: =Table28[[#This Row],[LMT]]+1 -> 1.0299324 | H8: =Table28[[#This Row],[DIS]]+1 -> 1.0081292 | I8: =Table28[[#This Row],[KO]]+1 -> 1.0326181 | J8: =Table28[[#This Row],[VZ]]+1 -> 0.99380914 | K8: =Table28[[#This Row],[BMW USD Return]]+1 -> 0.97513681
A9: 44256 | B9: =Table28[[#This Row],[APPL]]+1 -> 1.0088449 | C9: =Table28[[#This Row],[TSLA]]+1 -> 0.98879348 | D9: =Table28[[#This Row],[AMZN]]+1 -> 1.0003719 | E9: =Table28[[#This Row],[NFLX]]+1 -> 0.96809872 | F9: =Table28[[#This Row],[FORD]]+1 -> 0.78729282 | G9: =Table28[[#This Row],[LMT]]+1 -> 1.1274281 | H9: =Table28[[#This Row],[DIS]]+1 -> 0.97608977 | I9: =Table28[[#This Row],[KO]]+1 -> 1.0759339 | J9: =Table28[[#This Row],[VZ]]+1 -> 1.0515372 | K9: =Table28[[#This Row],[BMW USD Return]]+1 -> 1.2014733
A10: 44228 | B10: =Table28[[#This Row],[APPL]]+1 -> 0.91891492 | C10: =Table28[[#This Row],[TSLA]]+1 -> 0.85125953 | D10: =Table28[[#This Row],[AMZN]]+1 -> 0.96467157 | E10: =Table28[[#This Row],[NFLX]]+1 -> 1.0121339 | F10: =Table28[[#This Row],[FORD]]+1 -> 1.1492063 | G10: =Table28[[#This Row],[LMT]]+1 -> 1.0261948 | H10: =Table28[[#This Row],[DIS]]+1 -> 1.1241006 | I10: =Table28[[#This Row],[KO]]+1 -> 1.0174455 | J10: =Table28[[#This Row],[VZ]]+1 -> 1.0208585 | K10: =Table28[[#This Row],[BMW USD Return]]+1 -> 1.0157808
A11: 44197 | B11: =Table28[[#This Row],[APPL]]+1 -> 0.9944984 | C11: =Table28[[#This Row],[TSLA]]+1 -> 1.1245059 | D11: =Table28[[#This Row],[AMZN]]+1 -> 0.98442399 | E11: =Table28[[#This Row],[NFLX]]+1 -> 0.98457647 | F11: =Table28[[#This Row],[FORD]]+1 -> 1.7307692 | G11: =Table28[[#This Row],[LMT]]+1 -> 0.90658627 | H11: =Table28[[#This Row],[DIS]]+1 -> 0.92819298 | I11: =Table28[[#This Row],[KO]]+1 -> 0.87800878 | J11: =Table28[[#This Row],[VZ]]+1 -> 0.93191495 | K11: =Table28[[#This Row],[BMW USD Return]]+1 -> 0.95658579
A12: 44166 | B12: =Table28[[#This Row],[APPL]]+1 -> 1.1164965 | C12: =Table28[[#This Row],[TSLA]]+1 -> 1.2432523 | D12: =Table28[[#This Row],[AMZN]]+1 -> 1.0280583 | E12: =Table28[[#This Row],[NFLX]]+1 -> 1.1019563 | F12: =Table28[[#This Row],[FORD]]+1 -> 0.99453552 | G12: =Table28[[#This Row],[LMT]]+1 -> 0.97935018 | H12: =Table28[[#This Row],[DIS]]+1 -> 1.2241065 | I12: =Table28[[#This Row],[KO]]+1 -> 1.0711238 | J12: =Table28[[#This Row],[VZ]]+1 -> 0.97252099 | K12: =Table28[[#This Row],[BMW USD Return]]+1 -> 1.016041
A13: 44136 | B13: =Table28[[#This Row],[APPL]]+1 -> 1.0936065 | C13: =Table28[[#This Row],[TSLA]]+1 -> 1.4627357 | D13: =Table28[[#This Row],[AMZN]]+1 -> 1.0434399 | E13: =Table28[[#This Row],[NFLX]]+1 -> 1.0314458 | F13: =Table28[[#This Row],[FORD]]+1 -> 1.2039474 | G13: =Table28[[#This Row],[LMT]]+1 -> 1.0424699 | H13: =Table28[[#This Row],[DIS]]+1 -> 1.220701 | I13: =Table28[[#This Row],[KO]]+1 -> 1.073658 | J13: =Table28[[#This Row],[VZ]]+1 -> 1.0712968 | K13: =Table28[[#This Row],[BMW USD Return]]+1 -> 1.2761285
... A60: 42705 | B60: =Table28[[#This Row],[APPL]]+1 -> 1.0533356 | C60: =Table28[[#This Row],[TSLA]]+1 -> 1.128247 | D60: =Table28[[#This Row],[AMZN]]+1 -> 0.99906736 | E60: =Table28[[#This Row],[NFLX]]+1 -> 1.0581197 | F60: =Table28[[#This Row],[FORD]]+1 -> 0.88028169 | G60: =Table28[[#This Row],[LMT]]+1 -> 0.94877424 | H60: =Table28[[#This Row],[DIS]]+1 -> 1.0514528 | I60: =Table28[[#This Row],[KO]]+1 -> 1.0361962 | J60: =Table28[[#This Row],[VZ]]+1 -> 1.0697393 | K60: =Table28[[#This Row],[BMW USD Return]]+1 -> 1.0904004

Sheet Portfolio Weights
A1: Asset Name | B1: Random Numbers | C1: Portfolio Weights | E1: Portfolio Return 1M | F1: {=SUMPRODUCT(TRANSPOSE($C$2:$C$11),F9:O9)} -> 0.047240183
A2: APPL | B2: 0.12097968 | C2: =Table5[[#This Row],[Random Numbers]]/$B$12 -> 0.024452195 | E2: Portfolio Return YTD | F2: {=SUMPRODUCT(TRANSPOSE($C$2:$C$11),F10:O10)} -> 0.092349755
A3: TSLA | B3: 0.89033982 | C3: =Table5[[#This Row],[Random Numbers]]/$B$12 -> 0.17995388 | E3: Portfolio Return 1Y | F3: {=SUMPRODUCT(TRANSPOSE($C$2:$C$11),F11:O11)} -> 0.45198473
A4: AMZN | B4: 0.80668017 | C4: =Table5[[#This Row],[Random Numbers]]/$B$12 -> 0.16304474 | E4: Protfolio Return 3Y | F4: {=SUMPRODUCT(TRANSPOSE($C$2:$C$11),F12:O12)} -> 2.6543032
A5: NFLX | B5: 0.33650316 | C5: =Table5[[#This Row],[Random Numbers]]/$B$12 -> 0.068013412
A6: FORD | B6: 0.19453807 | C6: =Table5[[#This Row],[Random Numbers]]/$B$12 -> 0.039319684
A7: LMT | B7: 0.41131783 | C7: =Table5[[#This Row],[Random Numbers]]/$B$12 -> 0.083134817
A8: DIS | B8: 0.75272737 | C8: =Table5[[#This Row],[Random Numbers]]/$B$12 -> 0.1521399 | E8: Return Period | F8: APPL | G8: TSLA | H8: AMZN | I8: NFLX | J8: FORD | K8: LMT | L8: DIS | M8: KO | N8: VZ | O8: BMW.DE (USD Return)
A9: KO | B9: 0.66249792 | C9: =Table5[[#This Row],[Random Numbers]]/$B$12 -> 0.13390288 | E9: 1M | F9: ='Returns+1'!B2-1 -> 0.035689067 | G9: ='Returns+1'!C2-1 -> 0.12202766 | H9: ='Returns+1'!D2-1 -> 0.049223129 | I9: ='Returns+1'!E2-1 -> 0.045269756 | J9: ='Returns+1'!F2-1 -> -0.10878661 | K9: ='Returns+1'!G2-1 -> 0.057664427 | L9: ='Returns+1'!H2-1 -> 0.011645097 | M9: ='Returns+1'!I2-1 -> 0.035774547 | ... O9: ='Returns+1'!K2-1 -> 0.057581816
A10: VZ | B10: 0.14155037 | C10: =Table5[[#This Row],[Random Numbers]]/$B$12 -> 0.028609904 | E10: YTD | F10: =PRODUCT('Returns+1'!B2:B11)-1 -> 0.10964328 | G10: =PRODUCT('Returns+1'!C2:C11)-1 -> 0.23302678 | H10: =PRODUCT('Returns+1'!D2:D11)-1 -> 0.058278828 | I10: =PRODUCT('Returns+1'!E2:E11)-1 -> 0.17983096 | J10: =PRODUCT('Returns+1'!F2:F11)-1 -> 0.17032967 | K10: =PRODUCT('Returns+1'!G2:G11)-1 -> 0.050657004 | L10: =PRODUCT('Returns+1'!H2:H11)-1 -> -0.055414474 | M10: =PRODUCT('Returns+1'!I2:I11)-1 -> 0.0067899716 | ... O10: =PRODUCT('Returns+1'!K2:K11)-1 -> 0.19705067
A11: BMW.DE (USD Return) | B11: 0.6304657 | C11: =Table5[[#This Row],[Random Numbers]]/$B$12 -> 0.12742859 | E11: 1Y | F11: =PRODUCT('Returns+1'!B2:B13)-1 -> 0.35488321 | G11: =PRODUCT('Returns+1'!C2:C13)-1 -> 1.2423203 | H11: =PRODUCT('Returns+1'!D2:D13)-1 -> 0.1352338 | I11: =PRODUCT('Returns+1'!E2:E13)-1 -> 0.34100556 | J11: =PRODUCT('Returns+1'!F2:F13)-1 -> 0.40131579 | K11: =PRODUCT('Returns+1'!G2:G13)-1 -> 0.07266097 | L11: =PRODUCT('Returns+1'!H2:H13)-1 -> 0.41146391 | M11: =PRODUCT('Returns+1'!I2:I13)-1 -> 0.15782931 | ... O11: =PRODUCT('Returns+1'!K2:K13)-1 -> 0.55209463
A12: Total | B12: =SUM(B2:B11) -> 4.9476001 | C12: =Table5[[#This Row],[Random Numbers]]/$B$12 -> 1 | E12: 3Y | F12: =PRODUCT('Returns+1'!B2:B37)-1 -> 1.7646433 | G12: =PRODUCT('Returns+1'!C2:C37)-1 -> 11.897397 | H12: =PRODUCT('Returns+1'!D2:D37)-1 -> 1.1568951 | I12: =PRODUCT('Returns+1'!E2:E37)-1 -> 1.1140234 | J12: =PRODUCT('Returns+1'!F2:F37)-1 -> 0.45890411 | K12: =PRODUCT('Returns+1'!G2:G37)-1 -> 0.34520138 | L12: =PRODUCT('Returns+1'!H2:H37)-1 -> 0.52029302 | M12: =PRODUCT('Returns+1'!I2:I37)-1 -> 0.24012003 | ... O12: =PRODUCT('Returns+1'!K2:K37)-1 -> 0.36705955
